 Dungeon Crawl Stone Soup version 0.31.0-9-g3a7656b989 (webtiles) character file.

Game seed: 14531626005592256440

3827 James the Protected (level 9, -5/127 HPs)
             Began as a Minotaur Berserker on Jan 28, 2024.
             Was a High Priest of Trog.
             Slain by an orc knight
             ... wielding a +0 battleaxe
              (18 damage)
             ... in a bailey.
             The game lasted 00:18:21 (5759 turns).

James the Protected (Minotaur Berserker)            Turns: 5759, Time: 00:18:22

Health: -5/127     AC: 23    Str: 27    XL:     9   Next: 97%
Magic:  8/8        EV: 13    Int:  4    God:    Trog [*****.]
Gold:   288        SH:  0    Dex:  9    Spells: 8/8 levels left

rFire   . . .        a - +3 dire flail (drain)
rCold   . . .        (shield currently unavailable)
rNeg    . . .        G - +0 plate armour
rPois   .            (helmet restricted)
rElec   .            I - +1 cloak
rCorr   .            g - +0 pair of gloves
SInv    .            (no boots)
Will    ++...        J - amulet of the acrobat Stlth
                     j - +4 ring of protection
HPRegen 1.41/turn    A - +5 ring of evasion
MPRegen 0.11/turn

%: acrobat
@: berserking, strong-willed, regenerating, very quick
A: horns 2, retaliatory headbutt
a: Renounce Religion, Berserk, Trog's Hand, Brothers in Arms


You were in a bailey.
You worshipped Trog.
Trog was extremely pleased with you.
You visited 1 branch of the dungeon, and saw 7 of its levels.
You also visited: Bailey.

You collected 288 gold pieces.

Inventory:

Hand Weapons
 a - a +3 dire flail of draining (weapon)
   (You acquired it on level 4 of the Dungeon)
 b - the +5 woodcutter's axe
   (You took it off a gnoll sergeant on level 6 of the Dungeon)
 z - a +0 sling
   (You found it on level 1 of the Dungeon)
 P - the +5 lajatang "Woefful" {flame, rPois rCorr Str-2 Dex+3}
   (You found it on level 5 of the Dungeon)

   Str-2:     It affects your strength (-2).
   Dex+3:     It affects your dexterity (+3).
   rPois:     It protects you from poison rCorr: It protects you from acid and
   corrosion.
 Y - a +3 trident of venom
   (You took it off a gnoll sergeant on level 6 of the Dungeon)
Missiles
 m - 7 poisoned darts (quivered)
 s - 3 javelins
 u - 8 boomerangs
 C - 6 atropa-tipped darts
 R - 3 throwing nets {!f}
Armour
 g - a +0 pair of gloves (worn)
   (You found it on level 6 of the Dungeon)
 o - a +0 chain mail
   (You found it on level 5 of the Dungeon)
 q - a +0 robe
   (You found it on level 6 of the Dungeon)
 w - a +0 leather armour
   (You found it on level 3 of the Dungeon)
 x - a +0 leather armour
   (You found it on level 3 of the Dungeon)
 y - a +0 ring mail
   (You took it off Terence on level 3 of the Dungeon)
 D - a +0 ring mail
   (You found it on level 4 of the Dungeon)
 E - a +2 robe of resistance
   (You took it off Blork the orc on level 4 of the Dungeon)
 G - a +0 plate armour (worn)
   (You took it off a hobgoblin on level 4 of the Dungeon)
 I - a +1 cloak (worn)
   (You found it on level 4 of the Dungeon)
 K - a +0 leather armour
   (You took it off an orc on level 4 of the Dungeon)
 S - a +0 leather armour
   (You took it off an orc priest on level 5 of the Dungeon)
 U - a +2 kite shield
   (You took it off a gnoll sergeant on level 6 of the Dungeon)
 V - a +0 ring mail
   (You took it off an orc on level 5 of the Dungeon)
 W - a +0 leather armour
   (You took it off an orc on level 5 of the Dungeon)
 X - a +0 leather armour
   (You took it off an orc on level 5 of the Dungeon)
Jewellery
 j - a +4 ring of protection (left hand)
   (You found it on level 1 of the Dungeon)
 A - a +5 ring of evasion (right hand)
   (You found it on level 3 of the Dungeon)
 J - an amulet of the acrobat (around neck)
   (You took it off a gnoll on level 4 of the Dungeon)
Talismans
 f - a beast talisman
   (You found it on level 1 of the Dungeon)
Wands
 t - a wand of flame (6)
   (You found it on level 3 of the Dungeon)
 v - a wand of digging (8)
   (You found it on level 3 of the Dungeon)
Scrolls
 c - a scroll of poison {unknown}
 d - a scroll of fog {unknown}
 e - a scroll of amnesia {unknown}
 h - a scroll of blinking {unknown}
 l - 2 scrolls of silence
 n - 2 scrolls of acquirement
 p - a scroll of brand weapon {unknown}
 H - 2 scrolls of noise {!r}
 O - a scroll of vulnerability {unknown}
 Q - a scroll of teleportation {@r4}
 T - 2 scrolls of enchant armour
Potions
 i - 2 potions of enlightenment
 k - 3 potions of magic
 r - 3 potions of curing {@q1}
 B - a potion of brilliance {unknown}
 F - a potion of ambrosia {unknown}
 L - 4 potions of haste {unknown}
 M - a potion of lignification {unknown}
 N - 5 potions of attraction {unknown}
 Z - a potion of mutation {unknown}


   Skills:
 - Level 10.0 Fighting
 + Level 10.2 Maces & Flails
 - Level 11.0 Armour
 - Level 3.0 Dodging


You had 8 spell levels left.
You didn't know any spells.
Your spell library was empty.

Dungeon Overview and Level Annotations

Branches:
Dungeon (7/15)             Temple (0/1) D:7          Bailey (1/1)

Altars:
Gozag
Vehumet
The Shining One

Annotations:
D:3 exclusion: statue


Innate Abilities, Weirdness & Mutations

You have a pair of horns on your head.
You reflexively headbutt those who attack you in melee.


Message History

You open the door.
An orc warrior and a kobold demonologist come into view.
The orc warrior shouts!
The kobold demonologist shouts!
An orc knight comes into view. It is wielding a +0 battleaxe.
The kobold demonologist mumbles some strange words.
Found an iron altar of Okawaru.
The kobold demonologist mumbles some strange words.
The orc knight shouts!
The kobold demonologist gestures wildly while chanting.
The sixfirhy closely misses you. You furiously retaliate!
You headbutt the sixfirhy. You closely miss the sixfirhy.
Your headbutt misses the sixfirhy. The sixfirhy hits you!
The sixfirhy shocks you!
The sixfirhy hits you but does no damage.
The sixfirhy hits you! The sixfirhy shocks you!
You bludgeon the sixfirhy!! The sixfirhy hits you. The sixfirhy shocks you!
* * * LOW HITPOINT WARNING * * *
Your skin crawls.
You feel strong-willed. The white imp spits at you.
Unknown command.
A red film seems to cover your vision as you go berserk!
You feel yourself moving faster!
You feel mighty!
You closely miss the sixfirhy. Your headbutt misses the sixfirhy.
The sixfirhy closely misses you. The sixfirhy hits you.
* * * LOW HITPOINT WARNING * * *
The sixfirhy shocks you!
* * * LOW HITPOINT WARNING * * *
You sock the sixfirhy! The sixfirhy hits you!
* * * LOW HITPOINT WARNING * * *
The sixfirhy shocks you!
* * * LOW HITPOINT WARNING * * *
The sixfirhy hits you.
* * * LOW HITPOINT WARNING * * *
The sixfirhy shocks you!
* * * LOW HITPOINT WARNING * * *
You sock the sixfirhy!
You kill the sixfirhy!
The sixfirhy disappears in a puff of smoke!
You puncture the orc knight! You puncture the orc knight!
You drain the orc knight. Your headbutt misses the orc knight.
You thump the orc knight! Your headbutt misses the orc knight.
You barely miss the orc knight.
The orc knight roars a battlecry!
The orc warrior goes into a battle-frenzy!
The orc warrior hits you but does no damage.
You barely miss the orc knight. The orc warrior barely misses you.
The orc knight hits you with a +0 battleaxe!!
You die...

≈#'#.)###############..#'#≈≈≈≈≈#
≈#....#.......#)....))...#≈≈≈≈≈#
≈#....#.8.8.8.))...)#....#≈≈≈≈≈#
≈######...##############.#≈≈≈≈≈#
≈~.#...)..# +:!#.~≈≈≈≈≈#
≈~.#......#. #?!#.~≈≈≈≈≈#
≈~.#''#####.. #..#.~≈≈≈≈≈#
≈~.#.....##... #########.~≈≈≈≈≈#
...'.....##5...#@.8.8..#.~≈≈≈≈≈#
...'.)⌠..##..K.oo.......∩~≈≈≈≈≈#
...'.)...##...5#..8.8..#.~≈≈≈≈≈#
≈~.#.....##....#########.~≈≈≈≈≈#
≈~.#')#####... #.~≈≈≈≈≈#
≈~.#......#... #.~≈≈≈≈≈#
≈~.#......#.. )#.~≈≈≈≈≈#
≈######...########### ##.#≈≈≈≈≈#
≈# #.8)8.8.'.....# ..#≈≈≈≈≈#


You could see an orc knight (drained), a kobold demonologist, an orc warrior
(strong) and an iron imp (summoned).

Vanquished Creatures
  An orc knight (Bailey)
  An orc sorcerer (Bailey)
  A water moccasin (D:6)
  7 orc warriors (Bailey)
  3 sky beasts (D:7)
  An ice beast (D:5)
  2 black bears
  A kobold brigand (D:7)
  Blork the orc (D:4)
  A bullfrog (D:4)
  6 gnoll sergeants (D:6)
  3 scorpions
  2 electric eels (Bailey)
  A howler monkey (D:6)
  2 bombardier beetles (D:4)
  2 gnoll boudas (D:6)
  3 hounds
  A jelly (D:6)
  3 orc priests
  Terence (D:3)
  3 iguanas
  2 orc wizards (D:7)
  Robin (D:4)
  10 gnolls
  2 adders
  2 white imps (D:6)
  3 dart slugs
  3 ribbon worms
  24 orcs
  8 endoplasms
  2 giant cockroaches
  11 hobgoblins
  15 jackals
  3 quokkas
  13 ball pythons
  6 bats
  7 frilled lizards
  17 goblins
  6 kobolds
  5 rats
186 creatures vanquished.

Notes
Turn   | Place    | Note
-------+----------+-------------------------------------------
     0 | D:1      | James the Minotaur Berserker began the quest for the Orb.
     0 | D:1      | Reached XP level 1. HP: 19/19 MP: 0/0
   158 | D:1      | Reached XP level 2. HP: 26/26 MP: 1/1
   407 | D:1      | Reached skill level 5 in Maces & Flails
   474 | D:1      | Reached ** piety under Trog
   477 | D:1      | Reached XP level 3. HP: 31/31 MP: 2/2
  1165 | D:2      | Reached XP level 4. HP: 39/39 MP: 3/3
  1930 | D:3      | Noticed Terence
  1946 | D:3      | Killed Terence
  2008 | D:3      | Found a radiant altar of Vehumet.
  2008 | D:3      | Noticed a charred statue
  2201 | D:3      | Found a faded altar of an unknown god.
  2473 | D:4      | Noticed Robin
  2556 | D:3      | Reached XP level 5. HP: 22/45 MP: 4/4
  2761 | D:4      | Noticed Blork the orc
  2775 | D:4      | Killed Blork the orc
  2886 | D:4      | Reached *** piety under Trog
  2896 | D:4      | Killed Robin
  2897 | D:4      | Reached XP level 6. HP: 28/51 MP: 5/5
  3545 | D:4      | Identified 2 scrolls of acquirement
  3545 | D:4      | Acquired a +3 dire flail of draining
  3578 | D:5      | Entered Level 5 of the Dungeon
  3578 | D:5      | Noticed an ice beast
  3583 | D:5      | Killed an ice beast
  3584 | D:5      | Reached skill level 3 in Armour
  3584 | D:5      | Reached XP level 7. HP: 59/59 MP: 6/6
  3685 | D:4      | Reached skill level 4 in Armour
  3755 | D:5      | Reached skill level 5 in Armour
  3819 | D:5      | Reached **** piety under Trog
  3917 | D:5      | Found a glowing golden altar of the Shining One.
  3930 | D:5      | Identified the +5 lajatang "Woefful" {flame, rPois rCorr
                  | Str-2 Dex+3}
  3982 | D:5      | Reached skill level 6 in Armour
  4296 | D:6      | Reached skill level 7 in Armour
  4417 | D:6      | Reached XP level 8. HP: 61/66 MP: 7/7
  4558 | D:6      | Reached skill level 8 in Armour
  4859 | D:6      | Reached skill level 9 in Armour
  4924 | D:6      | Reached skill level 10 in Armour
  5187 | D:7      | Reached skill level 11 in Armour
  5197 | D:7      | Found an opulent altar of Gozag.
  5207 | D:7      | Reached skill level 5 in Fighting
  5207 | D:7      | Reached XP level 9. HP: 64/74 MP: 8/8
  5224 | D:7      | Found a staircase to the Ecumenical Temple.
  5296 | D:7      | Found a flagged portal.
  5305 | Bailey   | Entered a bailey
  5455 | Bailey   | Noticed an orc knight
  5463 | Bailey   | Killed an orc knight
  5463 | Bailey   | Reached ***** piety under Trog
  5464 | Bailey   | Reached skill level 10 in Maces & Flails
  5512 | Bailey   | Noticed an orc sorcerer
  5522 | Bailey   | Noticed a sixfirhy
  5537 | Bailey   | Killed an orc sorcerer
  5538 | Bailey   | Reached skill level 10 in Fighting
  5745 | Bailey   | Found an iron altar of Okawaru.
  5745 | Bailey   | Noticed a kobold demonologist
  5745 | Bailey   | Noticed an orc knight
  5747 | Bailey   | Noticed a sixfirhy
  5759 | Bailey   | Slain by an orc knight

Illustrated notes

Levels and vault maps discovered:
D:1:      nagdon_arrival_double_spiral, layout_basic
D:2:      layout_loops_ring
D:3:      layout_loops_corners, vehumet_statue, basic_ecumenical_altar,
          uniq_terence
D:4:      layout_gridville, uniq_blork_the_orc, uniq_robin
D:5:      layout_rooms, mainiacjoe_overflow_cross_hatched
D:6:      layout_cave_pods, pf_guarded_unrand_woodcutter
D:7:      layout_cave_pools, overflow_temple_1_default, temple_pool_b,
          enter_bailey_2, gammafunk_ghost_grave
Bailey:   bailey_axe_of_yendor_kennysheep, bailey

Skill      XL: |  1  2  3  4  5  6  7  8  9 |
---------------+----------------------------+-----
Maces & Flails | 4 5 7 8 9 10 | 10.2
Fighting       | 4 5 10 | 10.0
Armour         | 3 7 11 | 11.0
Dodging        | 3 |  3.0

Action                     |  1- 3 |  4- 6 |  7- 9 || total
---------------------------+-------+-------+-------++-------
  Melee: Mace              |    99 |   126 |       ||   225
         Headbutt          |    13 |    22 |    34 ||    69
         Dire flail        |       |     4 |   202 ||   206
 Invoke: Berserk           |       |     3 |     2 ||     5
         Trog's Hand       |       |       |     1 ||     1
    Use: Scroll            |       |     2 |     6 ||     8
 Armour: Animal skin       |    15 |       |       ||    15
         Leather armour    |    43 |    36 |       ||    79
         Ring mail         |       |    21 |       ||    21
         Plate armour      |       |    12 |   114 ||   126
  Dodge: Dodged            |    83 |    69 |   115 ||   267
